 Dungeon Crawl Stone Soup version 0.28-a0-1493-g08698888e4 (webtiles) character file.

Game seed: 2989911567866259170

288 iamoutofideas the Grasshopper (level 6, 0/50 HPs)
             Began as a Gnoll Warper on Jan 12, 2022.
             Slain by a lemure (7 damage)
             ... led by Pikel
             ... on level 2 of the Dungeon.
             The game lasted 00:06:24 (5384 turns).

iamoutofideas the Grasshopper (Gnoll Warper)        Turns: 5384, Time: 00:06:25

Health: 0/50       AC:  6    Str: 13    XL:     6   Next: 31%
Magic:  13/14      EV: 12    Int: 12    God:
Gold:   157        SH:  0    Dex: 11    Spells: 0/15 levels left

rFire   + . .      SeeInvis .   a - +0 hand axe
rCold   . . .      Faith    .   (no shield)
rNeg    . . .      Spirit   .   e - +1 ring mail {rF+}
rPois   .          Reflect  .   (no helmet)
rElec   .          Harm     .   (no cloak)
rCorr   .          Rampage  .   (no gloves)
Will    .....                   (no boots)
Stlth   +.........              (no amulet)
HPRegen 0.16/turn               (no ring)
MPRegen 0.14/turn               (no ring)

@: no status effects
A: fangs 1, strong nose, distributed training
a: no special abilities


You were on level 2 of the Dungeon.
You visited 1 branch of the dungeon, and saw 5 of its levels.

You collected 157 gold pieces.

Inventory:

Hand Weapons
 a - a +0 hand axe (weapon)
 f - a +2 dagger of electrocution
 q - a +1 dagger of venom
Missiles
 m - 3 boomerangs (quivered)
Armour
 b - a +0 leather armour
 e - a +1 ring mail of fire resistance (worn)
 h - a +0 scale mail
 n - a +0 buckler
Scrolls
 c - a scroll of blinking
 i - a scroll of teleportation {unknown}
 j - a scroll of magic mapping {unknown}
 k - a scroll of acquirement {unknown}
 o - a scroll of immolation {unknown}
 p - a scroll of vulnerability {unknown}
Potions
 g - a potion of flight


   Skills:
 + Level 4.9 Fighting
 + Level 1.9 Short Blades
 + Level 1.9 Long Blades
 + Level 4.9 Axes
 + Level 1.9 Maces & Flails
 + Level 1.9 Polearms
 + Level 1.9 Staves
 + Level 1.9 Slings
 + Level 1.9 Bows
 + Level 1.9 Crossbows
 + Level 3.2 Throwing
 + Level 3.2 Armour
 + Level 4.9 Dodging
 + Level 1.9 Stealth
 + Level 1.9 Shields
 + Level 1.9 Unarmed Combat
 + Level 5.3 Spellcasting
 + Level 1.5 Conjurations
 + Level 1.5 Hexes
 + Level 1.5 Summonings
 + Level 1.5 Necromancy
 + Level 5.6 Translocations
 + Level 1.5 Transmutations
 + Level 1.5 Fire Magic
 + Level 1.5 Ice Magic
 + Level 1.5 Air Magic
 + Level 1.5 Earth Magic
 + Level 1.5 Poison Magic
 + Level 2.1 Invocations
 + Level 1.9 Evocations


You couldn't memorise any spells.
You knew the following spells:

 Your Spells              Type           Power      Damage    Failure   Level
a - Blink                 Tloc           32%        N/A       6%          2
b - Gell's Gravitas       Tloc           16%        N/A       12%         3
c - Vampiric Draining     Necr           6%         2d6       54%         3
d - Dispersal             Tloc           8%         N/A       99%         6
e - Slow                  Hex            24%        N/A       22%         1

Your spell library contained the following spells:

 Spells                   Type           Power      Damage    Failure   Level
 Lesser Beckoning         Tloc           16%        N/A       12%         3
 Teleport Other           Tloc           16%        N/A       12%         3
 Confusing Touch          Hex            6%         N/A       54%         3
 Manifold Assault         Tloc           16%        N/A       71%         5


Dungeon Overview and Level Annotations

Branches:
Dungeon (5/15)
 Temple: D:4-7

Altars:
Cheibriados
Kikubaaqudgha
Okawaru
Ru
Wu Jian

Shops:
D:4 ?(*(=

Annotations:
D:3 exclusion: 2 downstairs
D:4 1 transporter, Dowan; Duvessa; Pikel; hashsling's ghost, amateur MfIE


Innate Abilities, Weirdness & Mutations

You have very sharp teeth.
Your uncanny sense of smell can sniff out nearby items.
Your experience applies equally to all skills.


Message History

The poisoned dart barely misses the lemure.
The lemure hits you.
* * * LOW HITPOINT WARNING * * *
Throw: 3 darts (poison)
Press: ? - help, Q - select action, (/) - cycle Shift-Dir - straight line, f/p - lemure
Aim: a lemure (almost dead, 51% to hit)
You throw a poisoned dart.
The poisoned dart barely misses the lemure.
The lemure hits you but does no damage.
Okay, then.
Casting: Blink (safe; 6% risk of failure)
Confirm with . or Enter, or press ? or * to list all spells.
You don't know that spell.
Sorry, you're not good enough to have a special ability.
Casting: Blink (safe; 6% risk of failure)
Confirm with . or Enter, or press ? or * to list all spells.
You blink.
Okay, then.
Okay, then.
Unknown command.
Throw: 2 darts (poison)
Press: ? - help, Q - select action, (/) - cycle Shift-Dir - straight line, f/p - lemure
Aim: a lemure (almost dead, 51% to hit)
You throw a poisoned dart.
The poisoned dart closely misses the lemure.
Unknown command.
Throw: dart (poison)
Press: ? - help, Q - select action, (/) - cycle Shift-Dir - straight line, f/p - lemure
Aim: a lemure (almost dead, 51% to hit)
You throw a poisoned dart. The poisoned dart hits the lemure!
The lemure is poisoned.
The lemure is almost dead.
You feel stable enough to blink again.
Throw: 3 boomerangs
Press: ? - help, Q - select action, (/) - cycle Shift-Dir - straight line, f/p - lemure
Aim: a lemure (almost dead, very poisoned, 51% to hit)
You throw a boomerang. The boomerang misses the lemure.
Unknown command.
The lemure hits you!
You die...

#............####.#.............
##...........#..................
##.............................
#..............###############
#....(.<..._...#
##............(#
#.............##
#.............##
#...........#@.#
#............5.#
#........####..#
##..(...(.(...## ##...####.####
###......# ########


You could see a lemure (poisoned).

Vanquished Creatures
  A black bear (D:3)
  A hound (D:3)
  A centaur skeleton (D:2)
  An orc wizard (D:3)
  2 adders
  An adder skeleton (D:4)
  A dart slug (D:2)
  4 orcs (D:3)
  9 ball pythons
  2 bats
  4 endoplasms
  4 giant cockroaches
  5 goblins
  9 hobgoblins
  10 jackals
  11 kobolds
  4 quokkas
  2 frilled lizards
  8 rats
80 creatures vanquished.

Notes
Turn   | Place    | Note
-------+----------+-------------------------------------------
     0 | D:1      | iamoutofideas the Gnoll Warper began the quest for the Orb.
     0 | D:1      | Reached XP level 1. HP: 20/20 MP: 6/6
   145 | D:1      | Reached XP level 2. HP: 8/26 MP: 7/7
   596 | D:1      | Reached XP level 3. HP: 16/31 MP: 9/9
   809 | D:1      | Reached skill level 5 in Spellcasting
  1047 | D:1      | You fall into a shaft and drop 1 floor!
  1059 | D:2      | Reached skill level 1 in Invocations
  1165 | D:2      | Found an ancient bone altar of Kikubaaqudgha.
  1183 | D:2      | Reached skill level 1 in Short Blades
  1183 | D:2      | Reached skill level 1 in Long Blades
  1183 | D:2      | Reached skill level 1 in Maces & Flails
  1183 | D:2      | Reached skill level 1 in Polearms
  1183 | D:2      | Reached skill level 1 in Staves
  1183 | D:2      | Reached skill level 1 in Slings
  1183 | D:2      | Reached skill level 1 in Bows
  1183 | D:2      | Reached skill level 1 in Crossbows
  1183 | D:2      | Reached skill level 1 in Stealth
  1183 | D:2      | Reached skill level 1 in Shields
  1183 | D:2      | Reached skill level 1 in Unarmed Combat
  1183 | D:2      | Reached skill level 1 in Evocations
  1186 | D:2      | Learned a level 2 spell: Blink
  1191 | D:2      | Learned a level 3 spell: Gell's Gravitas
  1509 | D:2      | Reached XP level 4. HP: 38/38 MP: 11/11
  1757 | D:2      | Reached skill level 1 in Conjurations
  1757 | D:2      | Reached skill level 1 in Hexes
  1757 | D:2      | Reached skill level 1 in Summonings
  1757 | D:2      | Reached skill level 1 in Necromancy
  1757 | D:2      | Reached skill level 1 in Transmutations
  1757 | D:2      | Reached skill level 1 in Fire Magic
  1757 | D:2      | Reached skill level 1 in Ice Magic
  1757 | D:2      | Reached skill level 1 in Air Magic
  1757 | D:2      | Reached skill level 1 in Earth Magic
  1757 | D:2      | Reached skill level 1 in Poison Magic
  2066 | D:1      | Found a faded altar of an unknown god.
  2332 | D:3      | HP: 1/38 [orc (4)]
  2355 | D:4      | Noticed a black bear
  2371 | D:3      | Found an ornate altar of the Wu Jian Council.
  2671 | D:3      | Reached XP level 5. HP: 15/43 MP: 12/12
  2876 | D:3      | Found a sacrificial altar of Ru.
  3138 | D:3      | Found a snail-covered altar of Cheibriados.
  3347 | D:3      | Found an iron altar of Okawaru.
  3816 | D:3      | Killed a black bear
  3817 | D:3      | Reached XP level 6. HP: 22/50 MP: 13/13
  4019 | D:4      | Noticed Duvessa
  4020 | D:4      | Noticed Dowan
  4021 | D:4      | Found Xiekiu's Magic Scroll Shoppe.
  4021 | D:4      | Found Aqeirph's Weapon Shop.
  4021 | D:4      | Noticed Pikel
  4341 | D:3      | Learned a level 3 spell: Vampiric Draining
  4348 | D:3      | Learned a level 6 spell: Dispersal
  4350 | D:3      | Learned a level 1 spell: Slow
  4720 | D:4      | Found Icokhlegh's Weapon Shoppe.
  4748 | D:4      | Found Leku's Jewellery Shop.
  4779 | D:4      | Found a transporter.
  4788 | D:4      | Noticed hashsling's ghost (amateur MfIE)
  4792 | D:4      | Noticed a small abomination
  4829 | D:5      | Entered Level 5 of the Dungeon
  5318 | D:4      | Found Siog's Assorted Antiques.
  5384 | D:2      | Slain by a lemure

Illustrated notes

Levels and vault maps discovered:
D:1:      onia_arrival_handbag, layout_rooms,
          hellmonk_ecumenical_altar_leap_of_faith
D:2:      layout_rooms, basic_altar, minmay_tetromino_i2
D:3:      layout_basic, old_standard_altar, mainiacjoe_overflow_large_starburst,
          mainiacjoe_overflow_24_doors
D:4:      layout_cave_pools, gammafunk_ghost_abyssal_escape, serial_shops,
          nicolae_shop_stone, nicolae_shop_hallway_plus, shop_statue,
          nicolae_shop_hallway_stairs, nicolae_diamond_shop, uniq_duvessa,
          uniq_pikel, uniq_grinder, uniq_menkaure
D:5:      gammafunk_cloud_chamber, layout_cave_pools

Skill      XL: |  1  2  3  4  5 |
---------------+----------------+-----
Spellcasting   | 5 |  5.3
Invocations    | 1 2 |  2.1
Short Blades   | 1 |  1.9
Long Blades    | 1 |  1.9
Maces & Flails | 1 |  1.9
Polearms       | 1 |  1.9
Staves         | 1 |  1.9
Slings         | 1 |  1.9
Bows           | 1 |  1.9
Crossbows      | 1 |  1.9
Stealth        | 1 |  1.9
Shields        | 1 |  1.9
Unarmed Combat | 1 |  1.9
Evocations     | 1 |  1.9
Conjurations   | 1 |  1.5
Hexes          | 1 |  1.5
Summonings     | 1 |  1.5
Necromancy     | 1 |  1.5
Transmutations | 1 |  1.5
Fire Magic     | 1 |  1.5
Ice Magic      | 1 |  1.5
Air Magic      | 1 |  1.5
Earth Magic    | 1 |  1.5
Poison Magic   | 1 |  1.5
Throwing       | 3 |  3.2
Armour         | 3 |  3.2
Fighting       | |  4.9
Axes           | |  4.9
Dodging        | |  4.9
Translocations | |  5.6

Action                   |  1- 3 |  4- 6 || total
-------------------------+-------+-------++-------
Melee: Hand axe          |   138 |   164 ||   302
       Bite              |     8 |    15 ||    23
       Punch             |     1 |     2 ||     3
Throw: Boomerang         |       |     6 ||     6
       Dart              |       |     9 ||     9
 Cast: Blink             |       |     5 ||     5
       Gell's Gravitas   |       |     1 ||     1
  Use: Potion            |       |     2 ||     2
       Scroll            |       |     1 ||     1
 Stab: Sleeping          |     2 |       ||     2
Armor: Leather armour    |    44 |    23 ||    67
       Ring mail         |       |    61 ||    61
Dodge: Dodged            |    83 |   158 ||   241

Table legend: (Time is in decaauts)
 A = Elapsed time spent in this place.
 B = Non-inter-level travel time spent in this place.
 C = Inter-level travel time spent in this place.
 D = Time resting spent in this place.
 E = Time spent auto-exploring this place.
 F = Levels seen in this place.
 G = Mean time per level.
                   A        B        C        D        E       F      G
               +--------+--------+--------+--------+--------+-----+--------+
         Total |   5399 |   5127 |    272 |   2363 |   1913 |   5 | 1079.8 |
       Dungeon |   5399 |   5127 |    272 |   2363 |   1913 |   5 | 1079.8 |
               +--------+--------+--------+--------+--------+-----+--------+

Top non-repeatable levels by time:
     D:3: 2185 daAuts
     D:2: 1313 daAuts
     D:1: 1149 daAuts
     D:4: 536 daAuts
     D:5: 213 daAuts
